 Dungeon Crawl Stone Soup version 0.18-a0-867-gfd1cc8f (webtiles) character file.

129 4thArraOfDagon the Chopper (level 5, -1/47 HPs)
             Began as a Hill Orc Berserker on Dec 21, 2015.
             Was a Follower of Trog.
             Slain by an orc
             ... wielding a +0 flail
              (3 damage)
             ... on level 5 of the Dungeon.
             The game lasted 00:02:22 (437 turns).

4thArraOfDagon the Chopper (Hill Orc Berserker)      Turns: 437, Time: 00:02:23

Health: -1/47      AC:  6    Str: 20    XL:     5   Next: 12%
Magic:  5/5        EV: 10    Int:  8    God:    Trog [*.....]
Gold:   32         SH:  0    Dex: 10    Spells: 0 memorised, 4 levels left

rFire  . . .     SeeInvis .     a - +0 hand axe
rCold  . . .     Gourm    .     f - +0 scale mail (curse)
rNeg   . . .     Faith    .     (no shield)
rPois  .         Spirit   .     (no helmet)
rElec  .         Dismiss  .     (no cloak)
rCorr  .         Reflect  .     (no gloves)
SustAt .         Harm     .     (no boots)
MR     .....                    (no amulet)
Stlth  ..........               (no ring)
                                (no ring)

@: exhausted, not resistant to hostile enchantments, extremely unstealthy
A: no striking features
a: Berserk, Burn Spellbooks, Renounce Religion


You were on level 5 of the Dungeon.
You worshipped Trog.
Trog was aware of your devotion.
You were not hungry.

You visited 1 branch of the dungeon, and saw 5 of its levels.

You collected 32 gold pieces.

Inventory:

Hand Weapons
 a - a +0 hand axe (weapon)
 l - a +0 war axe
Armour
 f - a cursed +0 scale mail (worn)
 j - a +0 chain mail
Wands
 h - a wand of cold (5/15)
Scrolls
 b - a scroll of identify
 g - a scroll of fear {unknown}
Potions
 d - a potion of ambrosia {unknown}
 e - a potion of curing
 i - a potion of degeneration {unknown}
Comestibles
 c - a bread ration
 k - 2 chunks of flesh


   Skills:
 + Level 4.6 Fighting
 * Level 5.9 Axes
 + Level 3.4 Armour
 - Level 1.5 Dodging


You had 4 spell levels left.
You didn't know any spells.

Dungeon Overview and Level Annotations

Branches:
Dungeon (5/15)
 Temple: D:4-7

Altars:
Cheibriados


Message History

Okay, then.
The orc wizard hits you but does no damage.
Unknown command.
You're too confused to move!
The orc hits you but does no damage.
The orc wizard gestures at you while chanting.
The magic dart hits you!
* * * LOW HITPOINT WARNING * * *
Unknown command.
Evoke which item? (* to show all) (? for menu, Esc to quit)
Zapping:
h - a wand of cold (5/15)
Press: ? - help, Shift-Dir - straight line, f - orc wizard
Aim: an orc wizard, wielding a dagger and wearing a robe
Okay, then.
Drink which item? (? for menu, Esc to quit)
It was a potion of curing.
You feel better.
The orc wizard points at you and mumbles some strange words.
The puff of flame hits you!
* * * LOW HITPOINT WARNING * * *
The orc hits you with a flail.
You die...

. .. .# .#
#.######.# ##
#.#...J..# ..
#.#...o..# #
#.###
##.#..@o..#.#
#....
#...........##
###...
#..............
......
#..............
#.#.#.
#....##########
#.#.#. #.[....#
#.#[#. #....#.#
#####.#...
####.#.#
#.........
#....#
#.........


You could see an orc wizard, an ooze and an orc.

Vanquished Creatures
  An orc wizard (D:3)
  A centaur skeleton (D:5)
  2 worker ants (D:5)
  An adder (D:4)
  An adder skeleton (D:5)
  A giant gecko (D:4)
  4 orcs (D:3)
  A kobold (D:2)
  2 ball pythons
  A giant newt (D:2)
  A rat (D:2)
16 creatures vanquished.

Notes
Turn   | Place    | Note
--------------------------------------------------------------
     0 | D:1      | 4thArraOfDagon the Hill Orc Berserker began the quest for the Orb.
     0 | D:1      | Reached XP level 1. HP: 19/19 MP: 1/1
    70 | D:3      | Noticed an orc wizard
    76 | D:3      | Reached XP level 2. HP: 27/27 MP: 2/2
    83 | D:3      | Reached XP level 3. HP: 19/33 MP: 3/3
   235 | D:2      | Found a snail-covered altar of Cheibriados.
   289 | D:4      | Reached skill level 5 in Axes
   326 | D:5      | Entered Level 5 of the Dungeon
   343 | D:5      | Reached XP level 4. HP: 38/41 MP: 4/4
   420 | D:5      | Reached XP level 5. HP: 18/47 MP: 5/5
   437 | D:5      | HP: 2/47 [orc wizard/puff of flame (15)]
   437 | D:5      | Slain by an orc

Vault maps used:
D:1:      minmay_arrival_solitary_statue, serial_park_tiny_1
D:2:      nicolae_overflow_hidden_temple
D:3:      marbit_many_paths, grunt_temple_overflow_growth_and_decay
D:4:      lemuel_crystal_altar, nicolae_ru_sacrificial_ziggurat, first_bread
D:5:      bloody_makhleb, lemuel_tele_altar

Action                   |  1- 3 |  4- 6 || total
-------------------------+-------+-------++-------
Melee: Hand axe          |    41 |     7 ||    48
Invok: Berserk           |     3 |     1 ||     4
Evoke: Wand              |       |     2 ||     2
  Use: Scroll            |       |     1 ||     1
       Potion            |       |     1 ||     1
  Eat: Royal jelly       |       |     1 ||     1
       Chunk             |       |     1 ||     1
